 Dungeon Crawl Stone Soup version 0.25.1-4-g9407a263a5 (webtiles) character file.

Game seed: 16900491373841698423

129 Gabide the Poker (level 5, -2/42 HPs)
             Began as a Human Chaos Knight on Nov 29, 2020.
             Was a Plaything of Xom.
             Killed by divine providence
             ... invoked by an orc priest
              (12 damage)
             ... on level 3 of the Dungeon.
             The game lasted 00:04:57 (1991 turns).

Gabide the Poker (Human Chaos Knight)               Turns: 1991, Time: 00:04:57

Health: -2/42      AC:  6    Str: 13    XL:     5   Next: 35%
Magic:  5/5        EV: 12    Int: 13    God:    Xom [..*...]
Gold:   159        SH:  0    Dex: 12    Spells: 4/4 levels left

rFire    . . .     SeeInvis .   a - +0 spear (chaos)
rCold    . . .     Gourm    .   (no shield)
rNeg     . . .     Faith    .   b - +2 leather armour
rPois    .         Spirit   .   (no helmet)
rElec    .         Reflect  .   (no cloak)
rCorr    .         Harm     .   (no gloves)
MR       .....     Rnd*Tele +   o - +0 pair of boots
Stlth    +.........             (no amulet)
HPRegen  0.14/turn              g - ring of teleportation (curse)
MPRegen  0.09/turn              (no ring)

@: no status effects
A: no striking features
a: Renounce Religion


You were on level 3 of the Dungeon.
You worshipped Xom.
You were a toy of Xom.
You were not hungry.

You visited 1 branch of the dungeon, and saw 3 of its levels.

You collected 159 gold pieces.

Inventory:

Hand Weapons
 a - a +0 spear of chaos (weapon)
Missiles
 f - 17 poisoned darts (quivered)
Armour
 b - a +2 leather armour (worn)
 o - a +0 pair of boots (worn)
Jewellery
 g - a cursed ring of teleportation (left hand)
Wands
 e - a wand of clouds (5)
Scrolls
 d - 2 scrolls of remove curse
 l - 2 scrolls of fear
Potions
 i - a potion of resistance
 j - 3 potions of flight {unknown}
 k - a potion of ambrosia {unknown}
 m - a potion of brilliance {unknown}
 n - a potion of stabbing {unknown}
Comestibles
 c - 6 rations
 h - 5 chunks of flesh


   Skills:
 + Level 3.8 Fighting
 * Level 4.2 Polearms
 - Level 0.1 Throwing
 + Level 2.5 Armour
 * Level 2.1 Dodging
 - Level 0.5 Stealth


You had 4 spell levels left.
You didn't know any spells.
Your spell library was empty.

Dungeon Overview and Level Annotations

Branches:
Dungeon (3/15)

Altars:


Message History

The poisoned dart barely misses the orc wizard.
The poisoned dart hits the orc priest.
Throwing (i - inventory)
f - 20 poisoned darts (quivered)
Press: ? - help, Shift-Dir - straight line, f/p - orc wizard
Aim: an orc wizard, wielding a +0 dagger and wearing a +0 robe (moderately wounded, confused, poisoned)
You throw a poisoned dart.
The poisoned dart barely misses the orc wizard.
Throwing (i - inventory)
f - 19 poisoned darts (quivered)
Press: ? - help, Shift-Dir - straight line, f - orc priest, p - orc wizard
Aim: an orc priest, wielding a +0 hand axe and wearing a +0 chain mail You throw a poisoned dart.
The poisoned dart barely misses the orc priest.
Throwing (i - inventory)
f - 18 poisoned darts (quivered)
Press: ? - help, Shift-Dir - straight line, f/p - orc priest
Aim: an orc priest, wielding a +0 hand axe and wearing a +0 chain mail You throw a poisoned dart.
The poisoned dart hits the orc priest.
The orc priest mumbles some strange prayers to Beogh against you.
Beogh smites you!
You die...
Xom guffaws!

#............#
#.....##.###(#
#......#.# #.#
#####..#.# #.#
#..#.# #.# #..#.#
#.# #..#.# #.#
###..#.# #.#
#....#@# #.#
#..o...###'###
#...÷o.#.....#
#######((†#..#.....#
((oo(((((((.>'.....#
.o.###########.....#
#.....# #.....#
#.....#


You could see an orc priest and an orc wizard (confused, poisoned).

Vanquished Creatures
  Natasha (D:3)
  4 gnolls (D:3)
  2 adders
  2 worms
  A dart slug (D:2)
  A leopard gecko (D:1)
  3 orcs (D:3)
  6 goblins
  A hobgoblin (D:1)
  5 jackals
  4 kobolds
  A quokka (D:2)
  A ball python (D:1)
  2 bats
  A frilled lizard (D:2)
  5 rats
40 creatures vanquished.

Vanquished Creatures (collateral kills)
  A gnoll (D:3)
1 creature vanquished.

Vanquished Creatures (others)
  A gnoll (D:3)
1 creature vanquished.

Grand Total: 42 creatures vanquished

Notes
Turn   | Place    | Note
-------+----------+-------------------------------------------
     0 | D:1      | Gabide the Human Chaos Knight began the quest for the Orb.
     0 | D:1      | Reached XP level 1. HP: 18/18 MP: 1/1
   102 | D:1      | Reached XP level 2. HP: 20/24 MP: 2/2
   256 | D:1      | XOM: divination: detect items
   851 | D:2      | XOM: 2-stop teleportation journey
   914 | D:2      | XOM: god gift: sharpened silver wand {god gift}
   942 | D:2      | Reached XP level 3. HP: 25/29 MP: 3/3
  1098 | D:2      | XOM: confuse monster(s)
  1728 | D:3      | Reached XP level 4. HP: 26/35 MP: 4/4
  1733 | D:3      | XOM: summons friendly quasit
  1807 | D:3      | XOM: silly message
  1918 | D:3      | XOM: silly message
  1919 | D:3      | Reached skill level 4 in Polearms
  1919 | D:3      | Reached XP level 5. HP: 37/42 MP: 5/5
  1954 | D:3      | XOM: smoke on damage
  1954 | D:3      | Noticed Natasha
  1972 | D:3      | Killed Natasha
  1991 | D:3      | Killed from afar by an orc priest

Illustrated notes

Levels and vault maps discovered:
D:1:      lightli_arrival_flooded_house, layout_rooms
D:2:      layout_loops_ring
D:3:      layout_basic, nicolae_ru_path_of_blood, zin_purify,
          nicolae_overflow_crystal_walls, uniq_natasha

Skill      XL: |  1  2  3  4  5 |
---------------+----------------+-----
Polearms       | 4 |  4.2
Dodging        | 2 |  2.1
Fighting       | |  3.8
Throwing       | |  0.1
Armour         | |  2.5
Stealth        | |  0.5

Action                   |  1- 3 |  4- 6 || total
-------------------------+-------+-------++-------
Melee: Spear             |    93 |    34 ||   127
Throw: Dart              |     2 |    29 ||    31
Evoke: Wand              |       |     3 ||     3
  Use: Scroll            |     7 |       ||     7
       Potion            |       |     1 ||     1
 Stab: Sleeping          |     3 |       ||     3
       Confused          |     1 |     1 ||     2
       Petrified         |       |     5 ||     5
  Eat: Chunk             |     3 |       ||     3
Armor: Leather armour    |    17 |     5 ||    22
Dodge: Dodged            |    26 |    19 ||    45
